 Dungeon Crawl Stone Soup version 0.29-a0-219-g0a02b1cf4f (webtiles) character file.

Game seed: 10681967896651612505

6 sammy202020 the Cudgeller (level 1, 19/19 HPs)
             Began as a Palentonga Berserker on Feb 26, 2022.
             Was a Follower of Trog.
             Quit the game on level 1 of the Dungeon.
             The game lasted 00:01:30 (359 turns).

sammy202020 the Cudgeller (Palentonga Berserker)     Turns: 359, Time: 00:01:31

Health: 19/19      AC:  4    Str: 20    XL:     1   Next: 75%
Magic:  1/1        EV:  9    Int:  7    God:    Trog [*.....]
Gold:   36         SH:  0    Dex:  9    Spells: 0/0 levels left

rFire   . . .      SeeInvis +   a - +0 mace
rCold   . . .      Faith    .   (no shield)
rNeg    . . .      Spirit   .   b - +0 animal skin
rPois   .          Reflect  .   (no helmet)
rElec   .          Harm     .   (no cloak)
rCorr   .          Rampage  .   (no gloves)
Will    .....                   (no barding)
Stlth   +.........              (no amulet)
HPRegen 0.06/turn               (no ring)
MPRegen 0.07/turn               (no ring)

@: no status effects
A: large, rugged brown scales 3, see invisible, deformed body, roll 1, armoured
tail
a: Rolling Charge, Renounce Religion, Berserk


You were on level 1 of the Dungeon.
You worshipped Trog.
Trog was aware of your devotion.
You visited 1 branch of the dungeon, and saw 1 of its levels.

You collected 36 gold pieces.

Inventory:

Hand Weapons
 a - a +0 mace (weapon)
Armour
 b - a +0 animal skin (worn)
Potions
 c - a potion of invisibility {unknown}


   Skills:
 + Level 3.1 Fighting
 + Level 3.1 Maces & Flails
 + Level 1.7 Armour
 + Level 1.7 Dodging


You couldn't memorise any spells.
You didn't know any spells.
Your spell library was empty.

Dungeon Overview and Level Annotations

Branches:
Dungeon (1/15)

Altars:


Innate Abilities, Weirdness & Mutations

You are completely covered in rugged brown scales. (AC +3, +7% HP)
You have supernaturally acute eyesight. (SInv)
Armour fits poorly on your strangely shaped body.
You can roll at nearby foes to attack.
You have a long armoured tail.


Message History

You now have 36 gold pieces (gained 9).
You see here a +0 hand axe.
Found a robe.
Found a stone staircase leading down.
There is a stone staircase leading down here.
A goblin comes into view. It is wielding a +0 club.
The goblin shouts!
A goblin is nearby!
Okay, then.
A ball python comes into view.
The ball python moves out of view.
Found a stone staircase leading down.
A bat comes into view.
The goblin completely misses you. There's nothing you can charge at!
You closely miss the goblin. The goblin completely misses you.
There's nothing you can charge at!
You thump the goblin!
You kill the goblin!
Trog accepts your kill. The bat barely misses you. x2
You hit the bat.
You kill the bat!
Trog accepts your kill.
The ball python bites you but does no damage.
You hit the ball python but do no damage.
The ball python barely misses you.
You hit the ball python but do no damage.
Your punch misses the ball python.
The ball python bites you but does no damage.
The ball python barely misses you.
You sock the ball python!
You kill the ball python!
Trog accepts your kill.
Things that are here:
a +0 club; a bat corpse; a goblin corpse
Okay, then.
Unknown command.
Unknown command.
Are you sure you want to abandon this character and quit the game? (Confirm with "yes".)

+................>##.#
..######.#####.....###.#
#.#. #.....#.....# #.#
..... #.###.#.....# #..
..... #.# #.#.....# #..
...... #.# #.#.....# #..
.>....##.# #.#.....# #..
.......#.###.....### #..
#@.)...#########..
.......#.###.#..........
#.#.#.#.#.##+#
#+#.######...
######.......## #...
.....#.......# #...
.....#.......# #...
.....#.......# #...
.....#.......## #..#
.....#........# #..#


There were no monsters in sight!

Vanquished Creatures
  2 bats (D:1)
  A goblin (D:1)
  A kobold (D:1)
  A ball python (D:1)
5 creatures vanquished.

Notes
Turn   | Place    | Note
-------+----------+-------------------------------------------
     0 | D:1      | sammy202020 the Palentonga Berserker began the quest for
                  | the Orb.
     0 | D:1      | Reached XP level 1. HP: 19/19 MP: 1/1
   359 | D:1      | Quit the game

Illustrated notes

Levels and vault maps discovered:
D:1:      eino_arrival_druids_welcome, layout_basic, st_stairs_4

Action                   || total
-------------------------++-------
Melee: Mace              ||     8
 Abil: Rolling Charge    ||     1
Armor: Animal skin       ||     3
Dodge: Dodged            ||     8

Table legend: (Time is in decaauts)
 A = Elapsed time spent in this place.
 B = Non-inter-level travel time spent in this place.
 C = Inter-level travel time spent in this place.
 D = Time resting spent in this place.
 E = Time spent auto-exploring this place.
 F = Levels seen in this place.
 G = Mean time per level.
                   A        B        C        D        E       F      G
               +--------+--------+--------+--------+--------+-----+--------+
         Total |    361 |    361 |      0 |      0 |    238 |   1 |  361.0 |
       Dungeon |    361 |    361 |      0 |      0 |    238 |   1 |  361.0 |
               +--------+--------+--------+--------+--------+-----+--------+

Top non-repeatable levels by time:
     D:1: 361 daAuts
